 Dungeon Crawl Stone Soup version 0.20-a0-1050-g57248f3 (webtiles) character file.

3535 sveltemanboy the Spear-Bearer (level 9, 0/69 HPs)
             Began as a Demonspawn Hunter on Apr 25, 2017.
             Was a Follower of Okawaru.
             Slain by an ogre
             ... wielding a +0 giant club
              (21 damage)
             ... on level 8 of the Dungeon.
             The game lasted 00:24:43 (9656 turns).

sveltemanboy the Spear-Bearer (Demonspawn Hunter)   Turns: 9656, Time: 00:24:43

Health: 0/69       AC:  8    Str: 15    XL:     9   Next: 82%
Magic:  12/12      EV: 13    Int: 14    God:    Okawaru [*.....]
Gold:   158        SH:  0    Dex: 13    Spells: 8/8 levels left

rFire    . . .     SeeInvis .   b - +1 halberd
rCold    . . .     Gourm    .   (shield currently unavailable)
rNeg     . . .     Faith    .   u - +0 ring mail
rPois    .         Spirit   .   x - +0 helmet
rElec    .         Reflect  .   t - +1 cloak
rCorr    .         Harm     +   (no gloves)
MR       .....     Clarity  +   (no boots)
Stlth    ++........             z - amulet of harm
Regen    0.3/turn               n - ring of stealth
MPRegen  0.2/turn               (no ring)

@: no status effects
A: hooves 1, repulsion field 1, clarity, sense surroundings 1, robust 1
a: Heroism, Renounce Religion


You were on level 8 of the Dungeon.
You worshipped Okawaru.
Okawaru was aware of your devotion.
You were not hungry.

You visited 2 branches of the dungeon, and saw 9 of its levels.

You collected 445 gold pieces.
You spent 287 gold pieces at shops.

Inventory:

Hand Weapons
 a - a +1 hand crossbow
 b - a +1 halberd (weapon)
Missiles
 d - 8 bolts
Armour
 t - a +1 cloak (worn)
 u - a +0 ring mail (worn)
 x - a +0 helmet (worn)
Jewellery
 n - a ring of stealth (left hand)
 z - an amulet of harm (around neck)
 B - an uncursed amulet of regeneration {unknown}
Wands
 k - a wand of disintegration (1/24)
 q - a wand of lightning (0/15)
 G - a wand of iceblast (2/15)
Scrolls
 e - 2 scrolls of amnesia
 g - 6 scrolls of remove curse
 i - a scroll of enchant weapon
 s - a scroll of identify
 v - 2 scrolls of teleportation
 y - a scroll of immolation {unknown}
 C - a scroll of recharging
 D - a scroll of fear
 E - a scroll of blinking
Potions
 c - a potion of brilliance {unknown}
 m - a potion of haste {unknown}
 o - a potion of might
 r - 2 potions of cancellation {unknown}
 A - a potion of invisibility {unknown}
 F - a potion of curing
Books
 j - a book of Burglary

   Spells                             Type                      Level
   a - Swiftness                      Charms/Air                   2
   b - Passwall                       Transmutation/Earth          2
   c - Passage of Golubria            Translocation                4
   d - Lee's Rapid Deconstruction     Earth                        5
   e - Darkness                       Hexes                        6
   f - Invisibility                   Hexes                        6
 p - a book of Battle

   Spells                             Type                      Level
   a - Infusion                       Charms                       1
   b - Shroud of Golubria             Charms/Translocation         2
   c - Song of Slaying                Charms                       2
   d - Spectral Weapon                Hexes/Charms                 3
   e - Regeneration                   Charms/Necromancy            3
Comestibles
 f - 3 bread rations
 h - 4 meat rations
 l - 7 fruits
 w - 5 royal jellies
 H - 3 chunks of flesh


   Skills:
 - Level 3.0 Fighting
 * Level 10.2 Polearms
 - Level 7.0 Crossbows
 - Level 3.1 Armour
 - Level 2.0 Dodging
 - Level 0.8 Stealth
 - Level 4.0 Invocations


You had 8 spell levels left.
You didn't know any spells.

Dungeon Overview and Level Annotations

Branches:
Dungeon (8/15)             Temple (1/1) D:6
   Lair: D:8-11

Altars:
Ashenzari
Cheibriados
Dithmenos
Elyvilon
Gozag
Hepliaklqana
Kikubaaqudgha
Makhleb
Okawaru
Qazlal
Ru
Sif Muna
Trog
Uskayaw
Vehumet
Wu Jian
Xom
Yredelemnul
The Shining One
Beogh

Shops:
D:7 *


Innate Abilities, Weirdness & Mutations

You have large cloven feet.
You are surrounded by a mild repulsion field. (EV +2)
You possess an exceptional clarity of mind.
You passively map a small area around you.
You are robust. (+10% HP)


Message History

You hear a shout! x17 3 orcs come into view.
An orc comes into view. It is wielding a mace.
You slash the ogre! You kick the ogre, but do no damage.
The ogre is severely wounded.
You hear the rapid hiss of a very distant avalanche of sand.
The ogre hits you with a giant club!!
You barely miss the ogre.
The ogre is severely wounded.
The ogre hits you but does no damage. 2 orcs come into view.
You see here a whip.
You hit the ogre.
The ogre is almost dead.
The ogre hits you with a giant club!!
* * * LOW HITPOINT WARNING * * *
You are too injured to fight recklessly!
You are too injured to fight recklessly!
You feel better. The ogre hits you with a giant club!!
You die...

### #.# #.#,,,,,* #.# ##.#
#.#,,,,,#####.##### #..#
###ooo,,#.........# ##.##
*#o####.........# ###..#
#o##.#.........# ....###
#o##.#.........# ##....##**
#.##.#.........# .........#*
#.##.#.........#
..........###o##@#.........#
...............#O#.........#
.........####.[oo#.........#
.........###.....#.#########
..............##.#.#
...............#...#
.........####.....########
.).......# #...#........#
.........####..##...<....#


You could see an ogre and 2 orcs.

Vanquished Creatures
  Grinder (D:3)
  Prince Ribbit (D:6)
  A hippogriff (D:7)
  A hungry ghost (D:8)
  Menkaure (D:6)
  Duvessa (D:6)
  A water moccasin (D:6)
  An ice beast (D:5)
  2 phantoms (D:7)
  3 ogres
  7 bullfrogs
  Dowan (D:6)
  2 scorpions
  4 killer bees (D:8)
  3 bullfrog zombies
  4 crimson imps
  A centaur zombie (D:5)
  2 orc priests
  3 hounds
  Crazy Yiuf (D:3)
  4 orc wizards
  2 bullfrog skeletons (D:6)
  Jessica (D:2)
  An iguana (D:6)
  10 worker ants
  A hound zombie (D:6)
  A hound skeleton (D:7)
  4 gnolls (D:4)
  11 adders
  2 shadow imps (D:5)
  2 adder zombies
  A worm (D:2)
  4 leopard geckos
  23 orcs
  6 bats
  6 giant cockroaches
  11 goblins
  8 hobgoblins
  11 jackals
  11 kobolds
  6 quokkas
  A ball python (D:2)
  10 frilled lizards
  A jackal zombie (D:6)
  A leopard gecko zombie (D:5)
  9 rats
189 creatures vanquished.

Vanquished Creatures (others)
  A fungus (D:3)
1 creature vanquished.

Grand Total: 190 creatures vanquished

Notes
Turn   | Place    | Note
-------+----------+-------------------------------------------
     0 | D:1      | sveltemanboy the Demonspawn Hunter began the quest for the Orb.
     0 | D:1      | Reached XP level 1. HP: 16/16 MP: 1/1
   234 | D:1      | Found a shimmering altar of Xom.
   237 | D:1      | Found a deep blue altar of Sif Muna.
   237 | D:1      | Found a radiant altar of Vehumet.
   239 | D:1      | Found a basalt altar of Yredelemnul.
   239 | D:1      | Found a stormy altar of Qazlal.
   239 | D:1      | Found a sparkling altar of Nemelex Xobeh.
   299 | D:1      | Gained mutation: You have large cloven feet. [demonic ancestry]
   299 | D:1      | Reached XP level 2. HP: 17/22 MP: 2/2
   587 | D:1      | Reached skill level 1 in Armour
   761 | D:1      | Reached XP level 3. HP: 21/27 MP: 3/3
  1383 | D:2      | Noticed Jessica
  1387 | D:2      | Killed Jessica
  1523 | D:2      | Reached XP level 4. HP: 33/33 MP: 4/4
  1597 | D:2      | Found a faded altar of an unknown god.
  2288 | D:3      | Reached skill level 5 in Crossbows
  2299 | D:3      | Reached XP level 5. HP: 16/38 MP: 5/5
  2952 | D:3      | Found a runed door.
  3067 | D:3      | Noticed Grinder
  3075 | D:3      | Killed Grinder
  3075 | D:3      | Reached XP level 6. HP: 44/44 MP: 6/6
  3687 | D:3      | Noticed Crazy Yiuf
  3727 | D:3      | Killed Crazy Yiuf
  3903 | D:4      | Reached XP level 7. HP: 48/51 MP: 7/7
  3947 | D:4      | Gained mutation: You passively map a small area around you. [potion of mutation]
  3947 | D:4      | Gained mutation: You are robust. (+10% HP) [potion of mutation]
  3947 | D:4      | Gained mutation: You possess an exceptional clarity of mind. [potion of mutation]
  4481 | D:4      | Found a shadowy altar of Dithmenos.
  4482 | D:4      | Found a glowing golden altar of the Shining One.
  4482 | D:4      | Found a white marble altar of Elyvilon.
  4510 | D:4      | Found a basalt altar of Yredelemnul.
  4664 | D:5      | Entered Level 5 of the Dungeon
  4671 | D:5      | Reached skill level 1 in Polearms
  4731 | D:5      | Reached skill level 2 in Polearms
  4996 | D:5      | Reached skill level 3 in Polearms
  5192 | D:5      | Reached skill level 4 in Polearms
  5192 | D:5      | Reached XP level 8. HP: 34/63 MP: 8/8
  5428 | D:5      | Reached skill level 5 in Polearms
  5528 | D:5      | Found a sacrificial altar of Ru.
  5653 | D:5      | Found a hide-covered altar of Uskayaw.
  5975 | D:6      | Found a stormy altar of Qazlal.
  5977 | D:6      | Noticed Menkaure
  5986 | D:6      | Killed Menkaure
  5986 | D:6      | Reached skill level 6 in Polearms
  5987 | D:6      | Noticed an air elemental
  6361 | D:6      | Noticed Duvessa
  6374 | D:6      | Noticed Dowan
  6381 | D:6      | Killed Duvessa
  6401 | D:6      | Killed Dowan
  6401 | D:6      | Reached skill level 7 in Polearms
  6695 | D:6      | Noticed Prince Ribbit
  6706 | D:6      | Killed Prince Ribbit
  6934 | D:6      | Gained mutation: You are surrounded by a mild repulsion field. (EV +2) [demonic ancestry]
  6934 | D:6      | Reached XP level 9. HP: 53/69 MP: 9/9
  6967 | D:6      | Reached skill level 8 in Polearms
  7178 | D:6      | Found a staircase to the Ecumenical Temple.
  7184 | Temple   | Entered the Ecumenical Temple
  7237 | Temple   | Became a worshipper of Warmaster Okawaru
  7374 | D:6      | Reached skill level 1 in Invocations
  8268 | D:7      | Found Wuseluergh's General Store.
  8271 | D:7      | Bought a scroll of recharging for 133 gold pieces
  8271 | D:7      | Bought a scroll of fear for 49 gold pieces
  8271 | D:7      | Bought a scroll of blinking for 105 gold pieces
  8656 | D:7      | Reached skill level 9 in Polearms
  9019 | D:8      | Reached * piety under Okawaru
  9462 | D:8      | Reached skill level 10 in Polearms
  9635 | D:8      | Found a roughly hewn altar of Beogh.
  9656 | D:8      | Slain by an ogre

Vault maps used:
D:1:      kennysheep_arrival_forest, doesnt_xom_only_xom
D:2:      first_bread, chequers_ecumenical_altar_simple_redux, uniq_jessica
D:3:      uniq_grinder, uniq_crazy_yiuf_cottage
D:4:      nicolae_overflow_quartered_altars
D:5:      nicolae_ru_great_annihilating_truth, kennysheep_mini
D:6:      minmay_temple_entry_enclosed_plants, nicolae_qazlal_style_of_elements,
          uniq_menkaure, uniq_duvessa, uniq_prince_ribbit1
D:7:      serial_shops, nicolae_shop_behind_doors
D:8:      enter_ossuary_3, special_room, hangedman_pestilent_swarm,
          bh_walls_and_bars
Temple:   nicolae_temple_x_marks_the_god

Skill      XL: |  1  2  3  4  5  6  7  8  9 |
---------------+----------------------------+-----
Dodging        | 2 |  2.0
Crossbows      | 4 5 6 7 |  7.0
Armour         | 1 2 3 |  3.1
Fighting       | 3 |  3.0
Polearms       | 4 7 10 | 10.2
Invocations    | 4 |  4.0
Stealth        | |  0.8

Action                   |  1- 3 |  4- 6 |  7- 9 || total
-------------------------+-------+-------+-------++-------
Melee: Short sword       |   108 |       |   106 ||   214
       Kick              |    17 |    47 |    94 ||   158
       Dagger            |     3 |   164 |   209 ||   376
       Halberd           |       |       |   158 ||   158
 Fire: Hand crossbow     |    27 |    21 |    63 ||   111
Invok: Heroism           |       |       |     1 ||     1
Evoke: Wand              |       |       |     7 ||     7
  Use: Potion            |       |       |    10 ||    10
       Scroll            |       |       |     9 ||     9
 Stab: Sleeping          |     1 |     1 |     1 ||     3
       Invisible         |       |       |     1 ||     1
       Paralysed         |       |       |     1 ||     1
  Eat: Chunk             |     2 |     8 |    18 ||    28
Armor: Leather armour    |    31 |     9 |       ||    40
       Ring mail         |       |    40 |   162 ||   202
       Skin              |       |       |     7 ||     7
Dodge: Dodged            |    78 |    80 |   283 ||   441
